 Dungeon Crawl Stone Soup version 0.28.0-53-g5a82cb258f (webtiles) character file.

Game seed: 1552371711756550167

436 PentaManta the Chopper (level 7, 0/41 HPs)
             Began as a Gargoyle Berserker on June 15, 2022.
             Was a Believer of Trog.
             Slain by an orc
             ... wielding a +0 hand axe
              (1 damage)
             ... on level 4 of the Dungeon.
             The game lasted 00:05:47 (3669 turns).

PentaManta the Chopper (Gargoyle Berserker)         Turns: 3669, Time: 00:05:48

Health: 0/41       AC: 10    Str: 21 (23) XL:     7   Next: 1%
Magic:  7/7        EV: 11    Int:  4 (7)  God:    Trog [**....]
Gold:   113        SH:  0    Dex:  8 (9)  Spells: 6/6 levels left

rFire   . . .      SeeInvis .   a - +0 hand axe
rCold   . . .      Faith    .   (no shield)
rNeg    + . .      Spirit   .   g - +0 ring mail
rPois   ∞          Reflect  .   (no helmet)
rElec   +          Harm     .   (no cloak)
rCorr   .          Rampage  .   (no gloves)
Will    .....                   (no boots)
Stlth   ..........              (no amulet)
HPRegen 0.13/turn               (no ring)
MPRegen 0.10/turn               (no ring)

@: brilliant, on berserk cooldown, attractive
A: sickness immunity, AC +4, negative energy resistance 1, electricity
resistance, torment resistance 1, petrification resistance
a: Renounce Religion, Berserk, Trog's Hand


You were on level 4 of the Dungeon.
You worshipped Trog.
Trog was pleased with you.
You visited 1 branch of the dungeon, and saw 4 of its levels.

You collected 113 gold pieces.

Inventory:

Hand Weapons
 a - a +0 hand axe (weapon)
 r - a +0 flail
Armour
 b - a +0 animal skin
 g - a +0 ring mail (worn)
 p - a +0 chain mail
Wands
 f - a wand of polymorph (7)
Scrolls
 d - 3 scrolls of identify
Potions
 e - a potion of curing {unknown}
 i - a potion of cancellation


   Skills:
 - Level 3.2 Fighting
 + Level 7.0 Axes
 - Level 2.1 Armour
 - Level 1.5 Dodging


You had 6 spell levels left.
You didn't know any spells.
Your spell library was empty.

Dungeon Overview and Level Annotations

Branches:
Dungeon (4/15)
 Temple: D:4-7

Altars:

Shops:
D:3 [

Annotations:
D:4 Dowan, Duvessa


Innate Abilities, Weirdness & Mutations

You are immune to sickness and miasma.
Your stone body is resilient. (AC +4)
You are immune to poison.
You resist negative energy. (rN+)
You are resistant to electric shocks. (rElec)
You are resistant to unholy torment.
You are immune to petrification.


Message History

Unknown command.
As you read the scroll labelled TYEFUCS TAELLI, it crumbles to dust.
Your body is wracked with pain!
* * * LOW HITPOINT WARNING * * *
The hobgoblin convulses!
The orc convulses!
The hound convulses!
The adder convulses!
Your hobgoblin convulses!
Duvessa convulses!
It was a scroll of torment.
The hound closely misses you. The kobold misses you.
A puff of flame appears from out of your range of vision.
The puff of flame misses your hobgoblin.
The orc hits you with a +0 hand axe.
* * * LOW HITPOINT WARNING * * *
Unknown command.
Unknown command.
Unknown command.
Okay, then.
It was a potion of cancellation.
You feel magically purged. The hound bites you but does no damage.
The kobold hits you but does no damage. The hound bites you but does no damage.
Your hobgoblin hits the hound. The orc hits you with a +0 hand axe.
* * * LOW HITPOINT WARNING * * *
Unknown command.
It was a potion of degeneration.
There was something very wrong with that liquid.
You feel weakened.
You feel dopey.
You feel clumsy. The hound barely misses you. The kobold closely misses you.
A giant cockroach comes into view.
Your hobgoblin hits the hound but does no damage.
You feel clever all of a sudden. The hound bites your hobgoblin.
Your hobgoblin dies!
Your hobgoblin's corpse dissolves into shadows!
The kobold closely misses you. The hound bites you but does no damage.
No previous command to re-do.
It was a potion of attraction.
You feel attractive to monsters. The hound barely misses you.
The orc hits you but does no damage. The kobold barely misses you.
The orc hits you with a +0 hand axe.
You die...

........ .....#.#
...### # ....# ##
#.#.. ... ##.##
.###....##...######
#..........#...#
#......)..S#...##
##......B.gK@...##
..........ehoo...#
......e.........##
#...........#..##
...#....?#.....#
........##.....#
....##.......###
#..e####.....##
.....#.#o..###


You could see Duvessa, Dowan, a hound, an adder, 2 orcs, a giant cockroach, a
hobgoblin and a kobold.

Vanquished Creatures
  Sigmund (D:2)
  An ogre (D:4)
  An iguana (D:3)
  Natasha (thrice) (D:3)
  2 adders
  A worm (D:2)
  An orc (D:3)
  3 bats
  5 endoplasms
  3 giant cockroaches (D:1)
  5 goblins
  11 hobgoblins
  7 jackals
  9 kobolds
  4 quokkas (D:1)
  2 ball pythons
  A frilled lizard (D:2)
  5 rats
65 creatures vanquished.

Vanquished Creatures (others)
  A plant (D:1)
1 creature vanquished.

Grand Total: 66 creatures vanquished

Notes
Turn   | Place    | Note
-------+----------+-------------------------------------------
     0 | D:1      | PentaManta the Gargoyle Berserker began the quest for the
                  | Orb.
     0 | D:1      | Reached XP level 1. HP: 14/14 MP: 1/1
   134 | D:1      | Reached skill level 3 in Axes
   325 | D:1      | Reached XP level 2. HP: 14/19 MP: 2/2
  1092 | D:1      | Reached XP level 3. HP: 18/23 MP: 3/3
  1465 | D:1      | Reached skill level 4 in Axes
  1579 | D:2      | Noticed Sigmund
  1816 | D:2      | Killed Sigmund
  1817 | D:2      | Reached skill level 5 in Axes
  1817 | D:2      | Reached XP level 4. HP: 28/28 MP: 4/4
  1817 | D:2      | Reached XP level 5. HP: 32/32 MP: 5/5
  2637 | D:3      | Reached skill level 6 in Axes
  2637 | D:3      | Reached XP level 6. HP: 9/37 MP: 6/6
  3038 | D:3      | Noticed Natasha
  3040 | D:3      | Found Wowet's Armour Emporium.
  3045 | D:3      | Killed Natasha
  3060 | D:3      | Noticed Natasha
  3069 | D:3      | Killed Natasha
  3069 | D:3      | Reached ** piety under Trog
  3315 | D:3      | Noticed Natasha
  3330 | D:3      | Killed Natasha
  3632 | D:4      | Reached skill level 7 in Axes
  3632 | D:4      | Reached XP level 7. HP: 33/41 MP: 7/7
  3651 | D:4      | Noticed Dowan
  3664 | D:4      | Noticed Duvessa
  3666 | D:4      | HP: 1/41 [orc/+0 hand axe (3)]
  3669 | D:4      | Slain by an orc

Illustrated notes

Levels and vault maps discovered:
D:1:      eino_arrival_druids_welcome, layout_loops_ring, minmay_misc_feat_iff
D:2:      layout_basic, minmay_misc_feat_diagonals, uniq_sigmund
D:3:      layout_rooms, serial_shops,
          nicolae_shop_temple_entry_statues_fountains, uniq_natasha
D:4:      wander_river, layout_cave_pools, portal_sewer_entry_d, uniq_duvessa

Skill      XL: |  1  2  3  4  5  6 |
---------------+-------------------+-----
Axes           | 3 5 6 7 |  7.0
Fighting       | |  3.2
Armour         | |  2.1
Dodging        | |  1.5

Action                   |  1- 3 |  4- 6 |  7- 9 || total
-------------------------+-------+-------+-------++-------
Melee: Hand axe          |   105 |    98 |     4 ||   207
       Punch             |       |     1 |       ||     1
Invok: Berserk           |     6 |     3 |       ||     9
  Use: Scroll            |       |     1 |     7 ||     8
       Potion            |       |       |     4 ||     4
Armor: Animal skin       |    29 |       |       ||    29
       Skin              |     1 |       |       ||     1
       Ring mail         |       |    41 |    19 ||    60
Dodge: Dodged            |    59 |    58 |    23 ||   140
